 Seeded DCSS version 0.32-a0-17-gb74e046682 (webtiles) character file.

Game seed: 4251154260039535669 (custom seed)

686 hikkokomori the Ducker (level 7, 0/56 HPs)
             Began as a Merfolk Gladiator on Jan 16, 2024.
             Slain by a gnoll
             ... wielding a +2 heavy spear
              (12 damage)
             ... on level 5 of the Dungeon.
             The game lasted 00:06:41 (3588 turns).

hikkokomori the Ducker (Merfolk Gladiator)          Turns: 3588, Time: 00:06:42

Health: 0/56       AC:  5    Str: 16    XL:     7   Next: 62%
Magic:  7/7        EV: 14    Int:  7    God:
Gold:   319        SH:  4    Dex: 16    Spells: 6/6 levels left

rFire   + . .        t - +4 short sword of Irritation {spect, rF+ SInv}
rCold   . . .        A - +0 buckler
rNeg    + . .        b - +0 leather armour
rPois   +            c - +0 helmet
rElec   .            (no cloak)
rCorr   .            g - +0 pair of gloves
SInv    +            (no boots)
Will    .....        (no amulet)
Stlth   +            y - ring of poison resistance
HPRegen 0.29/turn    v - ring of positive energy
MPRegen 0.10/turn

%: no passive effects
@: no status effects
A: (nimble swimmer 2), mertail
a: no special abilities


You were on level 5 of the Dungeon.
You visited 1 branch of the dungeon, and saw 5 of its levels.

You collected 319 gold pieces.

Inventory:

Hand Weapons
 a - a +0 trident
 t - the +4 short sword of Irritation (weapon) {spect, rF+ SInv}
   (You found it on level 2 of the Dungeon)

   rF+:       It protects you from fire.
   SInv:      It lets you see invisible.
Missiles
 d - 3 throwing nets (quivered)
 e - a javelin
Armour
 b - a +0 leather armour (worn)
 c - a +0 helmet (worn)
 g - a +0 pair of gloves (worn)
 A - a +0 buckler (worn)
Jewellery
 j - a ring of flight
 k - an amulet of faith
 n - a ring of fire
 v - a ring of positive energy (right hand)
 y - a ring of poison resistance (left hand)
Wands
 z - a wand of acid (2)
Scrolls
 h - 6 scrolls of identify {unknown}
 o - a scroll of fog {unknown}
 q - a scroll of summoning {unknown}
 r - a scroll of blinking {unknown}
 w - a scroll of amnesia {unknown}
 x - a scroll of poison {unknown}
Potions
 f - 2 potions of might {unknown}
 i - a potion of degeneration {unknown}
 l - 2 potions of enlightenment {unknown}
 m - 2 potions of heal wounds {unknown}
 p - 2 potions of lignification {unknown}
 s - 2 potions of curing {unknown}
 u - a potion of cancellation {unknown}


   Skills:
 + Level 5.3 Fighting
 + Level 4.6 Short Blades
 - Level 4.8 Polearms
 - Level 2.7 Throwing
 + Level 7.1 Dodging


You had 6 spell levels left.
You didn't know any spells.
Your spell library contained the following spells:

 Spells                   Type           Power      Damage    Failure   Level
 Ensorcelled Hibernation  Hex/Ice        0%         N/A       75%         2
 Passwall                 Erth           0%         N/A       93%         3
 Swiftness                Air            0%         N/A       93%         3


Dungeon Overview and Level Annotations

Branches:
Dungeon (5/15)
 Temple: D:4-7

Altars:
Fedhas
Ru
Uskayaw

Shops:
D:3 !   D:4 ::[=*


Innate Abilities, Weirdness & Mutations

((You are very nimble when in or above water. (Stealth+, EV+, Speed+++)))
Your lower body shifts to a powerful aquatic tail in water.


Message History

You bump into the rock wall.
The gnoll misses you.
You barely miss the gnoll.
The gnoll is moderately wounded.
The gnoll completely misses you.
You're too confused to move!
The gnoll hits you but does no damage.
You bump into the rock wall.
The gnoll hits you from afar with a +2 heavy spear!
The gnoll closely misses you.
You hit the gnoll but do no damage.
The gnoll is moderately wounded.
The gnoll hits you with a +0 club. The gnoll misses you.
You feel less confused.
You barely miss the gnoll.
The gnoll is moderately wounded.
You block the gnoll's attack.
You hit the gnoll.
The gnoll is severely wounded.
You hit the gnoll.
The gnoll is severely wounded.
The gnoll misses you.
You closely miss the gnoll.
The gnoll is severely wounded.
The gnoll hits you with a +0 club.
You hit the gnoll.
You kill the gnoll!
The gnoll hits you from afar with a +2 heavy spear.
The gnoll hits you with a +2 heavy spear.
Things that are here:
10 gold pieces; a +0 club You completely miss the gnoll.
You hit the gnoll.
The gnoll is lightly wounded.
The gnoll hits you with a +2 heavy spear!
* * * LOW HITPOINT WARNING * * *
You puncture the gnoll!
The gnoll is severely wounded.
You hit the gnoll.
The gnoll is almost dead.
The gnoll hits you with a +2 heavy spear!
You die...

#.....<...## ##
#########.># #. #(..###.
#....... . ########......<
... #######..........##.#
?...###.......####.........
........######.....###.#...
#..gg@....##### #.#..#
.......######### ##(#..#
....### ###>....# ...
#........ . ####.#......
.o.. .............
.5..####... ###...... .##
#o.......#####.##... ...#
..o................


You could see 2 gnolls.

Vanquished Creatures
  2 ogres (D:4)
  A centaur (D:5)
  3 bombardier beetles
  2 hounds
  A jelly (D:4)
  2 orc wizards (D:2)
  7 adders
  A gnoll (D:5)
  3 white imps
  6 ribbon worms
  2 dart slugs (D:1)
  5 orcs
  5 endoplasms
  3 giant cockroaches
  7 goblins
  6 hobgoblins
  2 jackals (D:1)
  7 quokkas
  8 ball pythons
  7 bats
  4 frilled lizards
  7 kobolds
  6 rats
97 creatures vanquished.

Notes
Turn   | Place    | Note
-------+----------+-------------------------------------------
     0 | D:1      | hikkokomori the Merfolk Gladiator began the quest for the
                  | Orb.
     0 | D:1      | Reached XP level 1. HP: 16/16 MP: 1/1
    15 | D:1      | Reached XP level 2. HP: 17/23 MP: 2/2
    24 | D:1      | HP: 1/23 [kobold/+2 whip of freezing (1)]
   336 | D:1      | Reached XP level 3. HP: 27/28 MP: 3/3
   757 | D:2      | Reached XP level 4. HP: 17/35 MP: 4/4
   840 | D:2      | Found a sacrificial altar of Ru.
   962 | D:2      | Identified the +4 short sword of Irritation {spect, rF+
                  | SInv}
  1221 | D:2      | Reached skill level 1 in Short Blades
  1229 | D:2      | Reached skill level 5 in Dodging
  1229 | D:2      | Reached XP level 5. HP: 29/41 MP: 5/5
  1458 | D:3      | Found Wunle's Distillery.
  1985 | D:4      | Found Balocul's Book Shop.
  2088 | D:4      | Noticed a walking earthen tome
  2089 | D:4      | Found Iffuxuil's Book Emporium.
  2089 | D:4      | Noticed a walking earthen tome
  2089 | D:4      | Noticed an ogre
  2093 | D:4      | Killed an ogre
  2094 | D:4      | Reached XP level 6. HP: 48/48 MP: 6/6
  2433 | D:4      | Reached skill level 6 in Dodging
  2545 | D:4      | Found Emauneeph's Jewellery Shoppe.
  2556 | D:4      | Reached XP level 7. HP: 32/55 MP: 7/7
  2656 | D:4      | Found Yqedeug's Assorted Antiques.
  2745 | D:4      | Found Irpheytech's Antique Armour Emporium.
  2984 | D:5      | Entered Level 5 of the Dungeon
  3212 | D:5      | Found a hide-covered altar of Uskayaw.
  3217 | D:5      | Found a blossoming altar of Fedhas.
  3217 | D:5      | Found a sacrificial altar of Ru.
  3234 | D:4      | Reached skill level 5 in Fighting
  3441 | D:5      | Reached skill level 7 in Dodging
  3588 | D:5      | Slain by a gnoll

Illustrated notes

Levels and vault maps discovered:
D:1:      lordsloth_arrival_two_stooges, layout_rooms, minmay_heptomino_w4
D:2:      layout_rooms, basic_altar, grunt_decor_resistance
D:3:      layout_rooms, serial_shops, nicolae_shop_window_shopping,
          nicolae_wormholes
D:4:      layout_basic, serial_shops, nicolae_shop_mannequins,
          nicolae_shop_hallway_stairs, nicolae_shop_tiny_real_fake_doors,
          nicolae_shop_pleasant_corner_grove, nicolae_shop_tiny_real_fake_doors
D:5:      layout_rooms, kennysheep_little_box, grunt_temple_overflow_open,
          minmay_temple_entry_mist, corexii_leaking_fountain,
          uniq_crazy_yiuf_cottage

Skill      XL: |  1  2  3  4  5  6  7 |
---------------+----------------------+-----
Fighting       | 3 4 5 |  5.3
Short Blades   | 1 2 3 4 |  4.6
Dodging        | 5 6 7 |  7.1
Polearms       | |  4.8
Throwing       | |  2.7

Action                     |  1- 3 |  4- 6 |  7- 9 || total
---------------------------+-------+-------+-------++-------
  Melee: Trident           |   118 |    19 |       ||   137
         Punch             |     2 |       |       ||     2
         Short sword       |       |   124 |    56 ||   180
   Stab: Sleeping          |     1 |     2 |       ||     3
 Armour: Leather armour    |    61 |    56 |    39 ||   156
  Dodge: Dodged            |   100 |    69 |    39 ||   208
  Block: Buckler           |       |     2 |    10 ||    12

Table legend: (Time is in decaauts)
 A = Elapsed time spent in this place.
 B = Non-inter-level travel time spent in this place.
 C = Inter-level travel time spent in this place.
 D = Time resting spent in this place.
 E = Time spent auto-exploring this place.
 F = Levels seen in this place.
 G = Mean time per level.
                   A        B        C        D        E       F      G
               +--------+--------+--------+--------+--------+-----+--------+
         Total |   3576 |   3411 |    165 |    478 |   2206 |   5 |  715.2 |
       Dungeon |   3576 |   3411 |    165 |    478 |   2206 |   5 |  715.2 |
               +--------+--------+--------+--------+--------+-----+--------+

Top non-repeatable levels by time:
     D:4: 1215 daAuts
     D:1: 751 daAuts
     D:2: 668 daAuts
     D:3: 548 daAuts
     D:5: 393 daAuts
